 Dungeon Crawl Stone Soup version 0.24-a0-537-g2d01d4a (console) character file.

Game seed: 10177749179881724529

65501 vegansnacktivist the Severer (level 14, -6/129 HPs)
             Began as a Deep Dwarf Fighter on Aug 14, 2019.
             Was the Champion of Makhleb.
             Drowned by a water nymph (7 damage)
             ... on level 3 of the Abyss.
             The game lasted 01:07:47 (19298 turns).

vegansnacktivist the Severer (Deep Dwarf Fighter)  Turns: 19298, Time: 01:07:48

Health: -6/129     AC: 19    Str: 22    XL:     14   Next: 75%
Magic:  1/2        EV: 12    Int:  5    God:    Makhleb [******]
Gold:   932        SH:  0    Dex: 12    Spells: 13/13 levels left

rFire    + . .     SeeInvis .   l - +0 broad axe (vamp)
rCold    + . .     Gourm    .   (no shield)
rNeg     + . .     Faith    .   K - +1 chain mail {rPois}
rPois    +         Spirit   .   w - +0 helmet
rElec    .         Reflect  .   W - scarf {rC+ rF+}
rCorr    .         Harm     .   h - +0 pair of gloves (curse)
MR       ++...                  V - +2 pair of boots "Iclobo" {rPois Str-3 Slay+2}
Stlth    ..........             c - amulet of the acrobat
HPRegen  0.00/turn              (no ring)
MPRegen  0.08/turn              (no ring)

@: non-regenerating, slowed, very slow
A: damage resistance, heal wounds, [blurry vision 1], [dopey 2], [low mp 2],
negative energy resistance 1, sense surroundings 2, no regeneration
a: Heal Wounds, Minor Destruction, Lesser Servant of Makhleb, Major Destruction,
Greater Servant of Makhleb, Renounce Religion


You were on level 3 of the Abyss.
You worshipped Makhleb.
Makhleb was exalted by your worship.
You were not hungry.

You visited 3 branches of the dungeon, and saw 20 of its levels.
You visited the Abyss 1 time.
You also visited: Gauntlet.

You collected 1716 gold pieces.
You spent 784 gold pieces at shops.

Inventory:

Hand Weapons
 l - a +0 vampiric broad axe (weapon)
 H - a +1 hand axe of flaming
Missiles
 v - 20 javelins (quivered)
 B - 33 poisoned darts
 F - 7 datura-tipped darts
Armour
 h - a cursed +0 pair of gloves (worn)
 w - a +0 helmet (worn)
 x - quicksilver dragon scales
 K - a +1 chain mail of poison resistance (worn)
 V - the +2 pair of boots "Iclobo" (worn) {rPois Str-3 Slay+2}
   (You found it on level 5 of the Lair of Beasts)

   It affects your strength (-3).
   It affects your accuracy and damage with ranged weapons and melee attacks
   (+2).
   It protects you from poison.
 W - a scarf of resistance (worn)
Jewellery
 c - an amulet of the acrobat (around neck)
 N - an uncursed amulet of the gourmand
 X - a +5 ring of dexterity
Wands
 y - a wand of enslavement (4)
 E - a wand of disintegration (18)
 J - a wand of acid (9)
 Q - a wand of random effects (22)
 S - a wand of scattershot (5)
 T - a wand of digging (4)
Scrolls
 b - 7 scrolls of teleportation
 i - 3 scrolls of fog
 k - 4 scrolls of noise
 r - 4 scrolls of magic mapping
 s - 2 scrolls of fear
 t - 14 scrolls of remove curse
 z - a scroll of random uselessness {unknown}
 A - a scroll of brand weapon {unknown}
 C - 2 scrolls of enchant armour {unknown}
 G - 6 scrolls of blinking {unknown}
 L - a scroll of torment {unknown}
 M - 2 scrolls of identify
 O - a scroll of vulnerability {unknown}
 U - a scroll of silence {unknown}
 Y - a scroll of acquirement {unknown}
Potions
 a - a potion of haste
 d - 2 potions of might
 e - 2 potions of heal wounds
 j - a potion of lignification {unknown}
 m - 5 potions of flight
 n - 3 potions of magic
 p - 7 potions of agility
 q - 3 potions of curing
 u - a potion of brilliance
 D - a potion of ambrosia
 I - a potion of cancellation
 R - 2 potions of invisibility
Miscellaneous
 g - a sack of spiders
 o - a lamp of fire
 P - a lamp of fire
Comestibles
 f - 44 rations


   Skills:
 - Level 9.0 Fighting
 - Level 18.2 Axes
 - Level 3.1 Throwing
 - Level 12.0 Armour
 - Level 7.3 Dodging
   Level 3.2 Shields
 + Level 11.3 Invocations
 - Level 10.0 Evocations


You had 13 spell levels left.
You didn't know any spells.
Your spell library contained the following spells:

 Spells                   Type           Power        Failure   Level  Hunger
 Flame Tongue             Conj/Fire      #....        96%         1    ##.....
 Infusion                 Chrm           #...         96%         1    ##.....
 Magic Dart               Conj           #...         96%         1    ##.....
 Sandblast                Erth           #.....       96%         1    ##.....
 Sting                    Conj/Pois      #...         96%         1    ##.....
 Blink                    Tloc           N/A          99%         2    ###....
 Call Imp                 Summ           #.......     99%         2    ###....
 Passwall                 Tmut/Erth      #.......     99%         2    ###....
 Poisonous Vapours        Pois/Air       #.....       99%         2    ###....
 Shroud of Golubria       Chrm/Tloc      #.....       99%         2    ###....
 Slow                     Hex            #.......     99%         2    ###....
 Song of Slaying          Chrm           #.......     99%         2    ###....
 Throw Flame              Conj/Fire      #.....       99%         2    ###....
 Conjure Flame            Conj/Fire      #.......     100%        3    ####...
 Inner Flame              Hex/Fire       #.......     100%        3    ####...
 Mephitic Cloud           Conj/Pois/Air  #.......     100%        3    ####...
 Spectral Weapon          Hex/Chrm       #.......     100%        3    ####...
 Static Discharge         Conj/Air       #.......     100%        3    ####...
 Stone Arrow              Conj/Erth      #.....       100%        3    ####...
 Olgreb's Toxic Radiance  Pois           #.......     100%        4    #####..
 Petrify                  Tmut/Erth      #.......     100%        4    #####..
 Sticky Flame             Conj/Fire      #.......     100%        4    #####..
 Fireball                 Conj/Fire      #.........   100%        5    ######.
 Lee's Rapid Deconstruct  Erth           #.........   100%        5    ######.
 Lightning Bolt           Conj/Air       #.........   100%        5    ######.
 Venom Bolt               Conj/Pois      #.........   100%        5    ######.
 Ignition                 Fire           #.........   100%        8    #######
 Shatter                  Erth           #.........   100%        9    #######
 Tornado                  Air            #.........   100%        9    #######
 Regeneration             Chrm/Necr      Unusable     N/A         3    N/A

Dungeon Overview and Level Annotations

Branches:
Dungeon (13/15)            Temple (1/1) D:6            Lair (6/6) D:11
  Swamp (0/4) Lair:3       Spider (0/4) Lair:3        Slime (0/5) Lair:6
    Orc (0/2) D:12
 Vaults: D:13-14

Altars:
Ashenzari
Cheibriados
Dithmenos
Elyvilon
Fedhas
Gozag
Hepliaklqana
Kikubaaqudgha
Makhleb
Nemelex Xobeh
Okawaru
Qazlal
Ru
Sif Muna
Trog
Uskayaw
Vehumet
Wu Jian
Xom
Yredelemnul
Zin
The Shining One

Shops:
D:5 =:*(   D:9 [

Portals:
Bailey: D:13

Annotations:
D:13 Josephine
Lair:2 exclusion: ice statue Gauntlet 11 transporters


Innate Abilities, Weirdness & Mutations

You are resistant to damage.
You can heal yourself by infusing magical energy.
You resist negative energy. (rN+)
You passively map the area around you.
You do not regenerate.
[Scrolls take you a little longer to read.]
[You are very dopey. (Int -4)]
[Your magical capacity is very low. (-20% MP)]


Message History

The raiju bites you but does no damage.
The raiju simulacrum bites you but does no damage.
Your unstable footing causes you to fumble your attack.
The water nymph touches you. The water nymph drowns you!
Unknown command.
Unknown command.
You closely miss the water nymph.
The water nymph is heavily wounded.
You completely miss the raiju simulacrum.
You hit the raiju but do no damage.
The water nymph points at you and mumbles some strange words.
The water swirls and strikes you!
* * * LOW HITPOINT WARNING * * *
The raiju simulacrum misses you.
The raiju bursts into living lightning!
The living lightning hits you!!
* * * LOW HITPOINT WARNING * * *
The living lightning hits you but does no damage.
The raiju blinks! x2; The water nymph touches you.
The water nymph drowns you!
You die...

.# #..≈# .###...#
. . .#....# ... .
.....# .h.. ∩...#
. .h ≈Z≈###### ##
# .## ##m#......
.. # ..###§@h## .
. . #....
#.hZ°.#.... ... ..
. .....%....... .
.
.#.....#.....#....
... .... ##...##
...≈ ... .. .. #
##.## .≈ .......##
...# ≈≈ . ... . .
..# ....≈ . ∩ .
.∩. ∩ . ##.# .


You could see a water nymph, 2 raiju and 2 raiju simulacra.

Vanquished Creatures
  Rupert (Lair:6)
  Snorg (Lair:6)
  A fire dragon (Lair:6)
  8 hydras
  A centaur warrior (D:10)
  The ghost of Misha the Spear-Bearer, a journeyman MfGl of Hepliaklqana (D:11)
  4 two-headed ogres
  A death yak (Lair:4)
  A wretched star (Abyss:3)
  An unseen horror (D:12)
  A lindwurm (Lair:6)
  2 ugly things
  A deep elf mage (D:9)
  The ghost of chaoswolf the Chopper, a novice DsBe of Trog (D:6)
  A cyclops (D:12)
  2 worldbinders (Abyss:3)
  4 oklob plants
  A manticore (D:12)
  A moth of wrath (D:11)
  Psyche (D:11)
  5 black mambas
  A torpor snail (Lair:4)
  8 spiny frogs
  Joseph (D:7)
  A gargoyle (D:12)
  6 komodo dragons
  17 rime drakes
  A freezing wraith (Lair:2)
  A tengu conjurer (D:12)
  2 jumping spiders (Lair:3)
  2 trolls
  A tyrant leech (Lair:3)
  3 polar bears
  3 blink frogs (Lair:4)
  8 dream sheep (Lair:6)
  7 hornets
  5 hippogriffs
  Grinder (D:5)
  5 raiju (Abyss:3)
  2 vampires
  A redback (Lair:3)
  A shadow (D:11)
  43 yaks
  14 spriggans (Lair:6)
  2 wyverns
  4 hogs (D:9)
  2 large abominations (Abyss:3)
  3 wraiths
  2 basilisks (Lair:6)
  3 hungry ghosts
  8 ogres
  A human (D:9)
  8 steam dragons
  5 swamp worms (Lair:3)
  2 acid dragons (D:11)
  A soldier ant (D:11)
  11 water moccasins
  8 porcupines
  5 orc warriors
  5 sky beasts
  5 black bears
  An eye of draining (D:12)
  9 ice beasts
  3 necrophages
  3 phantoms
  20 wolves (Lair:6)
  3 boggarts (Lair:6)
  6 centaurs
  17 crocodiles
  A big kobold (D:10)
  17 bullfrogs
  A gnoll sergeant (D:9)
  3 scorpions
  2 wyvern skeletons
  15 killer bees
  3 howler monkeys
  3 wights (D:12)
  A centaur zombie (D:8)
  9 crimson imps
  A quasit (D:8)
  2 centaur skeletons
  2 jellies (D:12)
  6 hounds
  5 orc priests
  4 orc wizards
  5 iguanas
  Jessica (D:2)
  12 worker ants
  Natasha (thrice) (D:3)
  A killer bee zombie (D:9)
  2 hound skeletons
  2 howler monkey zombies (D:8)
  16 gnolls
  3 howler monkey skeletons
  12 adders
  4 shadow imps
  A white imp (Lair:2)
  An ooze (D:1)
  An adder zombie (D:9)
  2 adder skeletons (D:7)
  2 worms
  5 dart slugs
  4 leopard geckos
  36 orcs
  A ball python (D:4)
  9 bats
  7 giant cockroaches
  4 goblins (D:2)
  7 hobgoblins
  9 jackals
  16 kobolds
  3 quokkas
  7 frilled lizards
  A leopard gecko skeleton (D:7)
  A quokka skeleton (D:9)
  A quokka zombie (D:9)
  7 rats
  A fungus (Lair:6)
  2 plants
575 creatures vanquished.

Vanquished Creatures (collateral kills)
  A deep elf mage (D:9)
  An ugly thing (D:11)
  A yak (D:11)
  Eustachio (D:5)
  An ogre (D:5)
  A crocodile (D:11)
  2 howler monkeys (D:11)
  2 gnolls (D:5)
  A quokka (D:5)
11 creatures vanquished.

Vanquished Creatures (others)
  A raiju (Abyss:3)
  A bush (D:8)
  3 fungi
  A plant (Gauntlet)
6 creatures vanquished.

Grand Total: 592 creatures vanquished

Notes
Turn   | Place    | Note
-------+----------+-------------------------------------------
     0 | D:1      | vegansnacktivist the Deep Dwarf Fighter began the quest for
                  | the Orb.
     0 | D:1      | Reached XP level 1. HP: 20/20 MP: 1/1
    81 | D:1      | Reached skill level 3 in Axes
    81 | D:1      | Reached XP level 2. HP: 27/27 MP: 2/2
   683 | D:2      | Reached XP level 3. HP: 25/33 MP: 3/3
   762 | D:2      | Reached skill level 4 in Axes
  1254 | D:2      | Noticed Jessica
  1267 | D:2      | Killed Jessica
  1267 | D:2      | Reached skill level 5 in Axes
  1267 | D:2      | Reached XP level 4. HP: 12/40 MP: 4/4
  1441 | D:3      | HP: 1/40 [howler monkey (3)]
  1451 | D:3      | Reached XP level 5. HP: 25/46 MP: 5/5
  1496 | D:3      | Found a snail-covered altar of Cheibriados.
  1540 | D:3      | Reached skill level 6 in Axes
  1593 | D:3      | Found a basalt altar of Yredelemnul.
  1593 | D:3      | Found a shattered altar of Ashenzari.
  1693 | D:3      | Found an ancient bone altar of Kikubaaqudgha.
  1912 | D:3      | Reached skill level 1 in Throwing
  1947 | D:4      | Noticed Natasha
  1953 | D:4      | HP: 2/46 [Natasha (10)]
  1973 | D:3      | Killed Natasha
  2019 | D:3      | Found a snail-covered altar of Cheibriados.
  2077 | D:3      | Noticed Natasha
  2084 | D:3      | Killed Natasha
  2110 | D:3      | Noticed Natasha
  2119 | D:3      | Killed Natasha
  2265 | D:3      | Found an ancient bone altar of Kikubaaqudgha.
  2328 | D:3      | Found a basalt altar of Yredelemnul.
  2328 | D:3      | Found a shattered altar of Ashenzari.
  2433 | D:3      | Reached XP level 6. HP: 26/55 MP: 5/5
  3073 | D:4      | Found a burning altar of Makhleb.
  3082 | D:4      | Became a worshipper of Makhleb the Destroyer
  3107 | D:4      | Reached XP level 7. HP: 23/66 MP: 6/6
  3278 | D:5      | Entered Level 5 of the Dungeon
  3280 | D:5      | Found Bobb's Jewellery Shop.
  3351 | D:5      | Reached skill level 5 in Fighting
  3410 | D:5      | Found Motamom's General Store.
  3452 | D:5      | Found Buidytto's Weapon Shop.
  3554 | D:5      | Noticed Eustachio
  3651 | D:5      | Killed Eustachio
  3651 | D:5      | Reached skill level 7 in Axes
  3806 | D:5      | Found Reismam's Book Emporium.
  3815 | D:5      | Reached skill level 8 in Axes
  3815 | D:5      | Reached XP level 8. HP: 25/74 MP: 6/6
  4101 | D:5      | Noticed Grinder
  4124 | D:5      | Killed Grinder
  4274 | D:5      | Reached * piety under Makhleb
  4274 | D:5      | Reached skill level 9 in Axes
  4371 | D:5      | Found Wogruh's General Store.
  4374 | D:5      | Bought 2 scrolls of identify for 56 gold pieces
  4374 | D:5      | Bought a scroll of remove curse for 42 gold pieces
  4374 | D:5      | Bought a potion of curing for 42 gold pieces
  4527 | D:6      | Found a staircase to the Ecumenical Temple.
  4565 | Temple   | Entered the Ecumenical Temple
  4647 | D:6      | Found a hazy altar of Hepliaklqana.
  4665 | D:6      | Found a radiant altar of Vehumet.
  4832 | D:6      | Found a runed translucent door.
  4832 | D:6      | Noticed chaoswolf's ghost (novice DsBe)
  5040 | D:7      | Reached skill level 10 in Axes
  5176 | D:7      | Reached skill level 5 in Invocations
  5176 | D:7      | Gained mutation: You passively map the area around you.
                  | [Deep Dwarf growth]
  5176 | D:7      | Reached XP level 9. HP: 28/81 MP: 10/10
  5283 | D:7      | Reached ** piety under Makhleb
  5810 | D:8      | Noticed a two-headed ogre
  6120 | D:8      | Found a blossoming altar of Fedhas.
  6143 | D:8      | Noticed Joseph
  6321 | D:7      | Reached skill level 10 in Invocations
  6373 | D:7      | Killed Joseph
  6448 | D:8      | Reached skill level 5 in Evocations
  6505 | D:8      | Reached XP level 10. HP: 39/88 MP: 13/13
  6595 | D:8      | Reached *** piety under Makhleb
  6909 | D:8      | Killed a two-headed ogre
  7247 | D:9      | Reached skill level 10 in Evocations
  7291 | D:9      | Found a sacrificial altar of Ru.
  7352 | D:9      | Noticed a two-headed ogre
  7375 | D:9      | Killed a two-headed ogre
  7456 | D:9      | Noticed a two-headed ogre
  7458 | D:9      | Found an opulent altar of Gozag.
  7471 | D:9      | Killed a two-headed ogre
  7471 | D:9      | Reached **** piety under Makhleb
  7514 | D:9      | Paralysed by a hornet for 2 turns
  7617 | D:9      | Found a hide-covered altar of Uskayaw.
  7617 | D:9      | Noticed a deep elf mage
  7617 | D:9      | Noticed a deep elf mage
  7647 | D:9      | HP: 3/88 [deep elf mage/bolt of magma (21)]
  7648 | D:9      | Killed a deep elf mage
  7648 | D:9      | Reached XP level 11. HP: 33/94 MP: 9/9
  7651 | D:9      | Killed a deep elf mage
  7674 | D:9      | Found Xilag's Armour Shoppe.
  7734 | D:9      | Found an ornate altar of the Wu Jian Council.
  7983 | D:5      | Bought a +0 vampiric broad axe for 196 gold pieces
  8079 | D:10     | Entered Level 10 of the Dungeon
  8417 | D:10     | Noticed a centaur warrior
  8445 | D:10     | Killed a centaur warrior
  8445 | D:10     | Reached skill level 10 in Armour
  8887 | D:11     | Found a transporter.
  8894 | D:11     | Noticed Misha's ghost (journeyman MfGl)
  8899 | D:11     | Noticed Psyche
  8905 | D:11     | Killed Psyche
  9020 | D:11     | Found a transporter.
  9362 | D:11     | Noticed a two-headed ogre
  9373 | D:11     | Killed a two-headed ogre
  9396 | D:11     | Noticed a green ugly thing
  9416 | D:11     | Killed a green ugly thing
  9733 | D:11     | Noticed a purple ugly thing
  9753 | D:11     | Reached skill level 5 in Dodging
  9764 | D:11     | Killed a purple ugly thing
  9787 | D:11     | Reached XP level 12. HP: 89/103 MP: 8/8
  9937 | D:11     | Found a staircase to the Lair.
 10247 | D:6      | Killed chaoswolf's ghost
 10263 | D:6      | Got a smoking great sword
 10270 | D:6      | Identified the +2 great sword "Newtslayer" {slice, *Corrode
                  | rF+ rN+} (You found it on level 6 of the Dungeon)
 10473 | Lair:1   | Entered Level 1 of the Lair of Beasts
 10724 | Lair:1   | Noticed a seven-headed hydra
 10746 | Lair:1   | Killed a one-headed hydra
 10765 | Lair:1   | Reached skill level 11 in Axes
 11458 | Lair:2   | Noticed a seven-headed hydra
 11483 | Lair:2   | Killed a one-headed hydra
 11483 | Lair:2   | Reached skill level 12 in Axes
 12222 | D:11     | Killed Misha's ghost
 12222 | D:11     | Reached skill level 13 in Axes
 12631 | Lair:2   | Reached ***** piety under Makhleb
 12651 | Lair:3   | Reached skill level 14 in Axes
 12693 | Lair:3   | Noticed a seven-headed hydra
 12709 | Lair:3   | Killed a one-headed hydra
 12709 | Lair:3   | Reached XP level 13. HP: 109/109 MP: 8/8
 13123 | Lair:3   | Found a hole to the Spider Nest.
 13310 | Lair:3   | Found a staircase to the Swamp.
 13327 | Lair:3   | HP: 3/109 [some deep water collision (9)]
 13494 | Lair:4   | Reached skill level 15 in Axes
 14306 | Lair:5   | Reached skill level 16 in Axes
 14597 | Lair:5   | Got a pair of transparent boots
 14603 | Lair:5   | Identified the +2 pair of boots "Iclobo" {rPois Str-3
                  | Slay+2} (You found it on level 5 of the Lair of Beasts)
 15236 | Lair:6   | Entered Level 6 of the Lair of Beasts
 15308 | Lair:6   | Noticed Snorg
 15329 | Lair:6   | Noticed Rupert
 15344 | Lair:6   | Killed Snorg
 15347 | Lair:6   | Killed Rupert
 15347 | Lair:6   | Reached skill level 17 in Axes
 15727 | Lair:6   | Gained mutation: You resist negative energy. (rN+) [Deep
                  | Dwarf growth]
 15727 | Lair:6   | Reached XP level 14. HP: 115/117 MP: 7/7
 15841 | Lair:6   | Reached skill level 18 in Axes
 15920 | Lair:6   | Reached ****** piety under Makhleb
 16141 | Lair:6   | Found a staircase to the Slime Pits.
 16320 | Lair:6   | HP: 5/121 [fire dragon/blast of flame (25)]
 16325 | Lair:6   | HP: 6/121 [fire dragon/blast of flame (25)]
 16648 | D:5      | Bought a scarf of resistance for 448 gold pieces
 17672 | Lair:6   | Found a staircase to the Slime Pits.
 18238 | D:12     | Found a staircase to the Orcish Mines.
 18925 | D:13     | Found a flagged portal.
 18982 | D:13     | Found a gate leading to a gauntlet.
 18982 | D:13     | Noticed Josephine
 18991 | Gauntlet | Entered a Gauntlet
 18991 | Gauntlet | Found a transporter.
 18991 | Gauntlet | Found a transporter.
 18992 | Gauntlet | Found a transporter.
 18992 | Gauntlet | Found a transporter.
 18995 | Gauntlet | Found a transporter.
 19007 | Gauntlet | Found a transporter.
 19009 | Gauntlet | Found a transporter.
 19018 | Gauntlet | Found a transporter.
 19018 | Gauntlet | Found a transporter.
 19019 | Gauntlet | Found a transporter.
 19021 | Gauntlet | Found a transporter.
 19041 | Gauntlet | Found a transporter.
 19196 | Gauntlet | Cast into level 3 of the Abyss (a wizard)
 19298 | Abyss:3  | HP: 1/129 [raiju/living lightning (25)]
 19298 | Abyss:3  | Drowned by a water nymph

Levels and vault maps discovered:
D:1:      saegor_arrival_simple_e, layout_rooms
D:2:      minmay_chambers_of_ones, layout_basic, uniq_jessica
D:3:      layout_basic, kiku_gazebo_pond_becter, nicolae_overflow_crystal_walls,
          chequers_temple_overflow_statue_of_worship, first_ration,
          minmay_checkerbox
D:4:      layout_gridville, hangedman_decor_growths,
          makhleb_blood_cavern_becter, uniq_natasha
D:5:      layout_loops_cross, serial_shops, shop, kennysheep_mini, shop,
          nicolae_shop_temple_entry_statues_fountains, shop,
          minmay_misc_feat_iff, chequers_big_river, uniq_grinder, uniq_eustachio
D:6:      layout_rooms, vehumet_crystals, lemuel_crystal_altar,
          minmay_temple_entry_waves, ebering_ghost_inner_flame
D:7:      layout_basic
D:8:      layout_loops_ring, fedhas_bush_and_centaur_altar, uniq_joseph
D:9:      layout_rooms, nicolae_ru_great_annihilating_truth,
          overflow_temple_1_default, lemuel_round_altar, serial_shops,
          nicolae_shop_stone, grunt_livestock, david_defended_altar_elf
D:10:     minmay_general_purpose_star, layout_basic
D:11:     layout_basic, erik_lair_dragon, gammafunk_ghost_berserking_beasts,
          uniq_psyche
D:12:     layout_long_grid, orc_0_dummy
D:13:     layout_roguey, enter_bailey_2, gauntlet_entry_generic, uniq_josephine,
          uniq_maurice
Temple:   nicolae_temple_no_exploring_needed
Lair:1:   layout_big_grid, serial_bayou_shore_b, grunt_megastairs_4,
          minmay_lair_oklob_chamber
Lair:2:   layout_roguey, ice2_lemuel
Lair:3:   layout_gridlike, palyth_hydra_swamp_entry, spider_nest_entry_a,
          serial_bayou_pond_d
Lair:4:   layout_loops_ring, chequers_serial_rivers_room_a
Lair:5:   layout_layer_cave, st_stairs_13
Lair:6:   minmay_lair_end_enchanted_forest, layout_gridlike,
          minmay_slime_entry_oklob_open, bobbens_dragon_lair_wall, uniq_rupert,
          uniq_snorg
Abyss:3:  grunt_abyss_rune_forest_and_sorcery
Gauntlet: gammafunk_gauntlet_hard_choice [nicolae_gauntlet_swirl,
          gammafunk_gauntlet_arena_hedges, gammafunk_gauntlet_arena_crates,
          gammafunk_gauntlet_arena_teeth,
          gammafunk_gauntlet_arena_split_diamond,
          nicolae_gauntlet_arena_flowing_pool, gauntlet_exit_watery]

Skill      XL: |  1  2  3  4  5  6  7  8  9 10 11 12 13 14 |
---------------+-------------------------------------------+-----
Axes           | 3 5 6 8 10 14 17 18 | 18.2
Throwing       | 2 3 |  3.1
Fighting       | 4 5 9 |  9.0
Invocations    | 5 10 11 | 11.3
Evocations     | 6 10 | 10.0
Armour         | 8 12 | 12.0
Dodging        | 5 7 |  7.3
Shields        | |  3.2

Action                   |  1- 3 |  4- 6 |  7- 9 | 10-12 | 13-15 || total
-------------------------+-------+-------+-------+-------+-------++-------
Melee: War axe           |   113 |   153 |   463 |   271 |       ||  1000
       Broad axe         |       |       |       |   651 |   899 ||  1550
       Hand axe          |       |       |       |    41 |    29 ||    70
Throw: Dart              |       |     1 |    17 |    43 |    37 ||    98
       Javelin           |       |       |     9 |    27 |     9 ||    45
Invok: Lesser Servant of |       |       |       |     6 |       ||     6
 Abil: Heal Wounds       |       |     3 |    15 |    32 |    12 ||    62
Evoke: Wand              |       |       |     3 |     3 |     6 ||    12
  Use: Scroll            |       |       |     4 |     4 |    10 ||    18
       Potion            |       |       |       |     2 |     2 ||     4
 Stab: Paralysed         |       |       |       |     2 |       ||     2
       Distracted        |       |       |       |     2 |       ||     2
       Petrified         |       |       |       |       |     2 ||     2
       Petrifying        |       |       |       |       |     1 ||     1
  Eat: Chunk             |       |     7 |    12 |    32 |    13 ||    64
       Ration            |       |       |     2 |     1 |     1 ||     4
Armor: Scale mail        |    47 |    56 |       |       |       ||   103
       Quicksilver drago |       |    23 |   269 |   281 |       ||   573
       Chain mail        |       |       |       |   256 |   533 ||   789
Dodge: Dodged            |    43 |    43 |   182 |   478 |   585 ||  1331
Block: Shield            |    47 |    84 |   270 |   310 |       ||   711

Table legend:
 A = Non-vault XP
 B = Vault XP
 C = Vault XP percentage of total XP
 D = Non-vault monster count
 E = Vault monster count
 F = Vault count percentage of total count
                 A         B        C        D         E       F
            +---------+---------+-------+---------+---------+-------
      Total |   55916 |   37657 |  40.2 |     431 |     153 |  26.2
            +---------+---------+-------+---------+---------+-------
        D:1 |      28 |       0 |   0.0 |      16 |       0 |   0.0
        D:2 |      55 |      58 |  51.3 |      23 |       8 |  25.8
        D:3 |     226 |      40 |  15.0 |      21 |       3 |  12.5
        D:4 |     428 |      40 |   8.5 |      25 |       1 |   3.8
        D:5 |     665 |     290 |  30.4 |      15 |       2 |  11.8
        D:6 |     332 |     612 |  64.8 |      15 |       2 |  11.8
        D:7 |    1703 |     371 |  17.9 |      34 |       1 |   2.9
        D:8 |    3400 |     115 |   3.3 |      44 |       1 |   2.2
        D:9 |    3202 |    1921 |  37.5 |      30 |      11 |  26.8
       D:10 |    1970 |      39 |   1.9 |      20 |       1 |   4.8
       D:11 |    6048 |    3649 |  37.6 |      33 |      17 |  34.0
       D:12 |    6672 |       0 |   0.0 |      31 |       0 |   0.0
       D:13 |     482 |     198 |  29.1 |       5 |       1 |  16.7
     Lair:1 |    2381 |    1669 |  41.2 |      11 |       3 |  21.4
     Lair:2 |    4365 |    1353 |  23.7 |      18 |      10 |  35.7
     Lair:3 |    3719 |    3876 |  51.0 |      16 |      11 |  40.7
     Lair:4 |    7289 |       0 |   0.0 |      26 |       0 |   0.0
     Lair:5 |    1640 |     403 |  19.7 |       7 |       1 |  12.5
     Lair:6 |    8655 |   21930 |  71.7 |      32 |      75 |  70.1
    Abyss:3 |    2656 |    1060 |  28.5 |       9 |       2 |  18.2
   Gauntlet |       0 |      33 | 100.0 |       0 |       3 | 100.0
            +---------+---------+-------+---------+---------+-------
